 Dungeon Crawl Stone Soup version 0.31-a0-219-g8d62b2e7bb (webtiles) character file.

Game seed: 2408683348293877900

7491 experimilk the Destroyer (level 10, -19/69 HPs)
             Began as a White Draconian Conjurer on July 2, 2023.
             Was a Priest of Sif Muna.
             Killed by an exploding kobold brigand (27 damage)
             ... ignited by their inner flame
             ... on level 10 of the Dungeon on July 3, 2023.
             The game lasted 00:38:38 (16227 turns).

experimilk the Destroyer (DrCj)                    Turns: 16227, Time: 00:38:38

Health: -19/69     AC:  9    Str: 14    XL:     10   Next: 95%
Magic:  15/23      EV: 12    Int: 22    God:    Sif Muna [***...]
Gold:   162        SH:  0    Dex: 11    Spells: 5/27 levels left

rFire   . . .        l - +0 mace "Gotiop" {speed, rPois Str+5}
rCold   + . .        (no shield)
rNeg    . . .        (body armour unavailable)
rPois   +            (helmet restricted)
rElec   .            (no cloak)
rCorr   .            (no gloves)
SInv    .            h - +1 pair of boots
Will    .....        t - amulet of regeneration
Stlth   ++           d - +4 ring of slaying
HPRegen 1.11/turn    (no ring)
MPRegen 0.18/turn

%: no passive effects
@: no status effects
A: breathe frost, AC +7, unfitting armour, cold resistance 1, cold-blooded
a: Breathe Frost, Renounce Religion, Channel Magic, Forget Spell


You were on level 10 of the Dungeon.
You worshipped Sif Muna.
Sif Muna was most pleased with you.
You visited 2 branches of the dungeon, and saw 11 of its levels.

You collected 534 gold pieces.
You spent 372 gold pieces at shops.

Inventory:

Hand Weapons
 l - the +0 mace "Gotiop" (weapon) {speed, rPois Str+5}
   (You found it on level 2 of the Dungeon)

   Str:       It affects your strength (+5).
   rPois:     It protects you from poison.
Armour
 h - a +1 pair of boots (worn)
Magical Staves
 f - a staff of fire
Jewellery
 a - a ring of poison resistance
 d - a +4 ring of slaying (left hand)
 t - an amulet of regeneration (around neck)
 E - a ring of wizardry
Wands
 e - a wand of quicksilver (16)
 m - a wand of digging (5)
 v - a wand of flame (18)
 x - a wand of polymorph (7)
 B - a wand of roots (4)
Scrolls
 c - 3 scrolls of fog
 g - a scroll of amnesia {unknown}
 j - 3 scrolls of teleportation
 n - a scroll of brand weapon {unknown}
 p - a scroll of acquirement {unknown}
 q - a scroll of vulnerability {unknown}
 r - a scroll of revelation {unknown}
 s - 2 scrolls of silence {unknown}
 u - a scroll of identify
 w - a scroll of immolation
 y - a scroll of torment {unknown}
 C - a scroll of enchant weapon {unknown}
 D - a scroll of blinking {unknown}
Potions
 b - 2 potions of enlightenment
 i - a potion of mutation {unknown}
 k - a potion of invisibility
 o - 4 potions of resistance
 z - a potion of haste
 A - a potion of curing


   Skills:
 - Level 1.7 Dodging
 - Level 1.7 Stealth
 - Level 9.0 Spellcasting
 - Level 9.0 Conjurations
 - Level 9.0 Translocations
 * Level 7.1 Ice Magic
 + Level 4.3 Invocations


You had 5 spell levels left.
You knew the following spells:

 Your Spells              Type           Power      Damage    Failure   Level
a - Ozocubu's Armour      Ice            41%        N/A       1%          3
b - Magic Dart            Conj           100%       1d8       1%          1
d - Dispersal             Tloc           24%        N/A       26%         6
g - Gell's Gravitas       Tloc           49%        N/A       1%          3
t - Teleport Other        Tloc           49%        N/A       1%          3
x - Iskenderun's Mystic   Conj/Tloc      49%        2d11      1%          4
z - Searing Ray           Conj           98%        2d8       1%          2

Your spell library contained the following spells:

 Spells                   Type           Power      Damage    Failure   Level
 Dazzling Flash           Conj/Hex       58%        N/A       3%          3
 Portal Projectile        Hex/Tloc       58%        N/A       3%          3
 Slow                     Hex            36%        N/A       7%          1
 Fulminant Prism          Conj/Hex       14%        3d9       11%         4
 Confusing Touch          Hex            9%         N/A       21%         3
 Tukima's Dance           Hex            9%         N/A       21%         3
 Vampiric Draining        Necr           9%         2d6       21%         3
 Blade Hands              Tmut           4%         N/A       88%         5
 Ozocubu's Refrigeration  Ice            20%        4d12      97%         7


Dungeon Overview and Level Annotations

Branches:
Dungeon (10/15)            Temple (1/1) D:6            Lair (0/5) D:8
    Orc (0/2) D:10

Altars:
Ashenzari
Dithmenos
Elyvilon
Fedhas
Gozag
Hepliaklqana
Kikubaaqudgha
Makhleb
Nemelex Xobeh
Qazlal
Ru
Sif Muna
Trog
Uskayaw
Vehumet
Wu Jian
Xom
Yredelemnul
Zin
The Shining One
Jiyva

Shops:
D:6 :([?!   D:7 **   D:8 [:


Innate Abilities, Weirdness & Mutations

You can breathe waves of freezing cold which knock back foes.
Your icy white scales are hard. (AC +7)
You cannot fit into any form of body armour.
Your flesh is cold resistant. (rC+)
You are cold-blooded and may be slowed by cold attacks.


Message History

Sif Muna accepts your kill.
The kobold brigand explodes!
The fiery explosion engulfs the kobold brigand!!
Sif Muna accepts your kill.
The fiery explosion engulfs the kobold brigand!
Flame seeps out of the kobold brigand.
The kobold brigand is almost dead.
The fiery explosion engulfs the orc warrior!!
Flame seeps out of the orc warrior.
The orc warrior is almost dead.
The kobold brigand explodes!
The fiery explosion engulfs the troll!!
Flame seeps out of the troll.
The troll is severely wounded.
The fiery explosion engulfs the orc warrior!!
Sif Muna accepts your kill.
The orc warrior explodes!
The fiery explosion engulfs the gnoll!!
Sif Muna accepts your kill.
The fiery explosion engulfs the troll!!
Sif Muna accepts your kill.
The fiery explosion engulfs the kobold brigand!!
Sif Muna accepts your kill.
The kobold brigand explodes!
The fiery explosion engulfs the kobold brigand!
Sif Muna accepts your kill.
You can now freely open your mind to new spells.
The kobold brigand explodes!
The fiery explosion engulfs the orc warrior!!!
Sif Muna accepts your kill.
The fiery explosion engulfs the orc warrior!!
Sif Muna accepts your kill.
The fiery explosion engulfs the gnoll sergeant!!
Sif Muna accepts your kill.
The gnoll sergeant explodes!
The fiery explosion engulfs you!!
* * * LOW HITPOINT WARNING * * *
The orc warrior explodes! x2; The troll explodes!
The gnoll explodes!
The ogre explodes! x2; The kobold brigand explodes!
The fiery explosion engulfs you!!
You die...

...###.#........#..
.......<..)).......
#######.............
#8§§§8#.............
#§§○§§#.............
#)○○§○#.............
#○○○○○##............
#8○○○8###...........
#.###@####............
#..[..................
##########........##..
##.......###.
#..##...# ## ##>##.###
###... ##.## #.#


There were no monsters in sight!

Vanquished Creatures
  An elephant (D:8)
  Joseph (D:7)
  Maggie (D:7)
  2 trolls (D:10)
  Grinder (D:5)
  Sigmund (D:2)
  A wyvern (D:8)
  2 hogs (D:7)
  A human (D:7)
  A basilisk (D:8)
  8 yaks
  2 steam dragons
  An acid dragon (D:8)
  A water moccasin (D:7)
  8 orc warriors
  3 black bears
  2 ice beasts
  5 ogres
  2 centaurs
  A phantom (D:4)
  9 kobold brigands
  4 bullfrogs
  3 scorpions
  A gnoll sergeant (D:10)
  14 killer bees
  A howler monkey (D:4)
  A hound (D:5)
  A jelly (D:5)
  A gnoll bouda (D:7)
  12 orc priests
  2 sleepcaps (D:5)
  Natasha (thrice) (D:3)
  3 iguanas
  9 orc wizards
  8 gnolls
  7 adders
  6 white imps
  An ufetubus (D:6)
  A worm (D:5)
  4 dart slugs
  34 orcs
  2 bats
  8 endoplasms
  6 giant cockroaches
  6 goblins
  12 hobgoblins
  6 jackals
  23 kobolds
  3 quokkas
  4 ball pythons
  5 frilled lizards
  3 rats
248 creatures vanquished.

Notes
Turn   | Place    | Note
-------+----------+-------------------------------------------
     0 | D:1      | experimilk the Draconian Conjurer began the quest for the
                  | Orb.
     0 | D:1      | Reached XP level 1. HP: 14/14 MP: 3/3
   344 | D:1      | Reached XP level 2. HP: 20/20 MP: 0/5
   748 | D:1      | Learned a level 2 spell: Searing Ray
  1023 | D:1      | Found a faded altar of an unknown god.
  1085 | D:1      | Reached skill level 5 in Conjurations
  1124 | D:1      | Reached XP level 3. HP: 26/26 MP: 2/6
  1523 | D:2      | Identified the +8 long sword "Nyacsein" {antimagic, rPois
                  | Stlth+}
  1570 | D:2      | Identified the +0 mace "Gotiop" {speed, rPois Str+5}
  1904 | D:2      | Noticed Sigmund
  1925 | D:2      | Killed Sigmund
  1926 | D:2      | Reached XP level 4. HP: 12/33 MP: 2/7
  1926 | D:2      | Reached XP level 5. HP: 14/38 MP: 2/8
  2484 | D:3      | Noticed Natasha
  2490 | D:3      | Killed Natasha
  2505 | D:3      | Noticed Natasha
  2511 | D:3      | Killed Natasha
  2512 | D:3      | Reached XP level 6. HP: 45/45 MP: 1/9
  2611 | D:3      | Found a stormy altar of Qazlal.
  2672 | D:3      | Noticed Natasha
  2675 | D:3      | Killed Natasha
  4079 | D:4      | Your scales start taking on an icy white colour.
  4079 | D:4      | Reached XP level 7. HP: 50/50 MP: 0/10
  4079 | D:4      | Gained mutation: Your flesh is cold resistant. (rC+) [White
                  | Draconian growth]
  4163 | D:4      | Learned a level 4 spell: Iskenderun's Mystic Blast
  4167 | D:4      | Learned a level 3 spell: Teleport Other
  4670 | D:4      | Reached skill level 1 in Translocations
  4986 | D:5      | Entered Level 5 of the Dungeon
  5209 | D:5      | Reached XP level 8. HP: 56/57 MP: 0/11
  5523 | D:5      | Noticed Grinder
  5527 | D:5      | Paralysed by Grinder for 2 turns
  5534 | D:5      | Killed Grinder
  6271 | D:6      | Found Wekhly's Distillery.
  7835 | D:6      | Bought a potion of haste for 140 gold pieces
  7835 | D:6      | Bought a potion of magic for 112 gold pieces
  7835 | D:6      | Bought a potion of curing for 42 gold pieces
  7913 | D:6      | Found a sacrificial altar of Ru.
  8130 | D:6      | Found Bummadoo's Book Shop.
  8249 | D:6      | Found Rogine's Antique Weapon Boutique.
  8257 | D:6      | Found Igeoqoun's Armour Shop.
  8346 | D:6      | Found Zanosef's Magic Scroll Emporium.
  8349 | D:6      | Bought a scroll of identify for 28 gold pieces
  8349 | D:6      | Bought a scroll of identify for 28 gold pieces
  8421 | D:6      | Found a staircase to the Ecumenical Temple.
  8430 | Temple   | Entered the Ecumenical Temple
  8585 | Temple   | Became a worshipper of Sif Muna the Loreminder
  8707 | D:7      | Found a hazy altar of Hepliaklqana.
  8884 | D:7      | Found Dufeu's General Store.
  8987 | D:7      | Noticed Joseph
  9208 | D:7      | Reached XP level 9. HP: 49/62 MP: 4/12
  9914 | D:7      | Found a transporter.
  9914 | D:7      | Found Wiudd's Assorted Antiques.
  9936 | D:7      | Noticed Maggie
  9953 | D:7      | Killed Maggie
 10100 | D:7      | Found a transporter.
 10456 | D:7      | Reached skill level 5 in Spellcasting
 10925 | D:7      | Bought a scroll labelled QIUGRE HUCHEPES for 22 gold pieces
 10964 | D:8      | Noticed an elephant
 10964 | D:8      | Found a staircase to the Lair.
 11027 | D:7      | Killed Joseph
 12034 | D:8      | Reached XP level 10. HP: 69/69 MP: 7/21
 12178 | D:8      | Reached * piety under Sif Muna
 12237 | D:8      | HP: 1/69 [wyvern (9)]
 12572 | D:8      | Learned a level 3 spell: Ozocubu's Armour
 12579 | D:8      | Learned a level 6 spell: Dispersal
 12579 | D:8      | Upgraded the game from 0.31-a0-217-g58bb5d79cf to
                  | 0.31-a0-219-g8d62b2e7bb
 12662 | D:8      | Found Zevvota's Book Boutique.
 12713 | D:8      | Found Ybeshremm's Armour Boutique.
 12725 | D:8      | Reached skill level 1 in Ice Magic
 13339 | D:8      | Killed an elephant
 13340 | D:8      | Reached skill level 1 in Invocations
 14089 | D:9      | Noticed a +0 hand axe
 14089 | D:9      | Noticed a +0 hand axe
 14090 | D:9      | Found a hide-covered altar of Uskayaw.
 14528 | D:9      | Reached ** piety under Sif Muna
 14529 | D:9      | Reached skill level 5 in Ice Magic
 14749 | D:9      | Found a radiant altar of Vehumet.
 14756 | D:9      | Found a broken altar of Ashenzari.
 14756 | D:9      | Found an opulent altar of Gozag.
 14768 | D:9      | Found a burning altar of Makhleb.
 14771 | D:9      | Found a glowing golden altar of the Shining One.
 15248 | D:10     | Entered Level 10 of the Dungeon
 15588 | D:9      | Learned a level 3 spell: Gell's Gravitas
 16002 | D:10     | Noticed a two-headed ogre
 16013 | D:10     | Noticed a two-headed ogre
 16223 | D:10     | Found a staircase to the Orcish Mines.
 16227 | D:10     | Reached *** piety under Sif Muna
 16227 | D:10     | Killed by an exploding kobold brigand... ignited by their
                  | inner flame

Illustrated notes

Levels and vault maps discovered:
D:1:      dpeg_arrival_erosion, layout_rooms, serial_rivers,
          chequers_serial_rivers_micro_a, chequers_serial_rivers_micro_b,
          chequers_serial_rivers_micro_e, chequers_serial_rivers_micro_c,
          chequers_serial_rivers_small_3, shapermc_ecumenical_altar_pompeii,
          serial_bayou_pond_d
D:2:      layout_loops_ring, chequers_arboretum, corexii_shack, uniq_sigmund
D:3:      layout_basic, nicolae_qazlal_general_emergency, eino_tiny_chamber,
          moated_statue, uniq_natasha
D:4:      cheibrodos_quashed, layout_basic, minmay_diced_spiral
D:5:      layout_rooms, uniq_grinder
D:6:      layout_cave_pools, nicolae_ru_sacrificial_ziggurat,
          lemuel_temple_firewalk_a, serial_shops, shop,
          nicolae_shop_real_fake_doors, nicolae_shop_tiny_real_fake_doors,
          nicolae_shop_industrial_runoff, shop
D:7:      minmay_evil_eye, layout_layer_cave, mainiacjoe_overflow_alcove_1,
          serial_shops, nicolae_shop_rolling_square, nicolae_shop_drivethru,
          nrook_uturn, roderic_lattice_a, grunt_ministairs_15,
          roderic_roman_lattice, minmay_door_square, grunt_livestock,
          uniq_maggie, uniq_joseph
D:8:      layout_rooms, david_lair_generic, serial_shops, nicolae_diamond_shop,
          shop, grunt_decor_arrowhead
D:9:      layout_basic, minmay_overflow_temple_star_hex,
          dancing_weapons_uskayaw, serial_rivers,
          chequers_serial_rivers_micro_c, chequers_serial_rivers_small_3,
          chequers_serial_rivers_small_b, chequers_serial_rivers_micro_c,
          chequers_serial_rivers_micro_c, chequers_serial_rivers_small_a
D:10:     layout_cave_pools, slow_altar_1, mainiacjoe_overflow_paths,
          kennysheep_orc_monster_closet_entryway, small_statue_alley_a
Temple:   pf_slime_end_temple

Skill      XL: |  1  2  3  4  5  6  7  8  9 10 |
---------------+-------------------------------+-----
Conjurations   | 5 6 7 8 9 |  9.0
Translocations | 4 8 9 |  9.0
Spellcasting   | 7 9 |  9.0
Ice Magic      | 7 |  7.1
Invocations    | 4 |  4.3
Dodging        | |  1.7
Stealth        | |  1.7

Action                     |  1- 3 |  4- 6 |  7- 9 | 10-12 || total
---------------------------+-------+-------+-------+-------++-------
  Melee: Dagger            |    20 |       |       |       ||    20
         Tailslap          |     5 |     1 |     8 |     4 ||    18
         Mace              |    27 |     7 |    30 |    34 ||    98
         Punch             |       |       |     1 |       ||     1
   Cast: Magic Dart        |    64 |    34 |   135 |    92 ||   325
         Searing Ray       |     3 |    13 |    65 |    27 ||   108
         Teleport Other    |       |       |     3 |    14 ||    17
         Iskenderun's Myst |       |       |     9 |    24 ||    33
         Gell's Gravitas   |       |       |       |     5 ||     5
         Ozocubu's Armour  |       |       |       |     2 ||     2
 Invoke: Channel Magic     |       |       |       |     1 ||     1
Ability: Breathe Frost     |       |       |    18 |    10 ||    28
  Evoke: Wand              |       |       |     2 |     7 ||     9
    Use: Scroll            |       |       |     7 |     3 ||    10
         Potion            |       |       |     2 |     3 ||     5
 Armour: Skin              |     9 |     3 |    22 |    36 ||    70
  Dodge: Dodged            |    35 |     6 |    69 |    68 ||   178

Table legend: (Time is in decaauts)
 A = Elapsed time spent in this place.
 B = Non-inter-level travel time spent in this place.
 C = Inter-level travel time spent in this place.
 D = Time resting spent in this place.
 E = Time spent auto-exploring this place.
 F = Levels seen in this place.
 G = Mean time per level.
                   A        B        C        D        E       F      G
               +--------+--------+--------+--------+--------+-----+--------+
         Total |  16257 |  15777 |    480 |   6898 |   7140 |  11 | 1477.9 |
       Dungeon |  16084 |  15620 |    464 |   6898 |   7016 |  10 | 1608.4 |
        Temple |    172 |    156 |     16 |      0 |    124 |   1 |  172.0 |
               +--------+--------+--------+--------+--------+-----+--------+

Top non-repeatable levels by time:
     D:7: 3011 daAuts
     D:5: 2404 daAuts
     D:8: 2123 daAuts
     D:9: 1756 daAuts
     D:3: 1405 daAuts
     D:1: 1341 daAuts
     D:6: 1280 daAuts
     D:2: 1139 daAuts
     D:4: 1110 daAuts
    D:10: 512 daAuts
  Temple: 172 daAuts
